 Dungeon Crawl Stone Soup version 0.20-a0-850-ge5a7832 (webtiles) character file.

60032 Alarkh the Martial Artist (level 14, -2/115 HPs)
             Began as a Demonspawn Monk on Mar 10, 2017.
             Was a High Priest of Okawaru.
             Engulfed by a fire crab's flame (23 damage)
             ... on level 6 of the Lair of Beasts.
             The game lasted 00:46:27 (26557 turns).

Alarkh the Martial Artist (Demonspawn Monk)        Turns: 26557, Time: 00:46:28

Health: -2/115     AC: 22    Str: 12    XL:     14   Next: 55%
Magic:  18/18      EV: 22    Int: 17    God:    Okawaru [*****.]
Gold:   1210       SH: 12    Dex: 20    Spells: 13/13 levels left

rFire    . . .     SeeInvis .     - Unarmed
rCold    + + .     Gourm    .   k - +5 ring mail {rC+}
rNeg     + . .     Faith    +   y - +0 shield
rPois    .         Spirit   .   v - +2 helmet
rElec    .         Reflect  .   M - scarf {rC+}
rCorr    .         Harm     .   T - +2 pair of gloves
MR       +....                  (no boots)
Stlth    +++++.....             z - amulet of faith
Regen    0.3/turn               S - ring of positive energy
MPRegen  0.2/turn               I - +5 ring of dexterity

@: heroism
A: hooves 2, yellow scales 2, nightstalker 2, powered by death 2
a: Heroism, Finesse, Renounce Religion


You were on level 6 of the Lair of Beasts.
You worshipped Okawaru.
Okawaru was extremely pleased with you.
You were not hungry.

You visited 3 branches of the dungeon, and saw 20 of its levels.
You also visited: Sewer and Bailey.

You collected 1210 gold pieces.

Inventory:

Armour
 k - a +5 ring mail of cold resistance (worn)
 v - a +2 helmet (worn)
 y - a +0 shield (worn)
 M - a scarf of cold resistance (worn)
 T - a +2 pair of gloves (worn)
Magical Staves
 a - an uncursed staff of cold {unknown}
Jewellery
 z - an amulet of faith (around neck)
 I - a +5 ring of dexterity (left hand)
 S - a ring of positive energy (right hand)
Wands
 m - a wand of digging (6/24)
 o - a wand of paralysis (18/24)
 D - a wand of scattershot (2/9)
 G - a wand of clouds (5/9)
Scrolls
 c - 10 scrolls of remove curse
 d - 3 scrolls of teleportation
 h - 9 scrolls of magic mapping
 j - 2 scrolls of silence {unknown}
 n - a scroll of blinking
 p - 6 scrolls of fear {unknown}
 t - 2 scrolls of recharging
 C - 4 scrolls of fog {unknown}
 J - 2 scrolls of amnesia {unknown}
 Q - 3 scrolls of brand weapon {unknown}
 U - a scroll of torment {unknown}
Potions
 g - 6 potions of might
 i - 2 potions of mutation
 l - a potion of flight
 q - 2 potions of cancellation {unknown}
 r - 3 potions of degeneration {unknown}
 s - 10 potions of curing
 A - 3 potions of haste {unknown}
 B - 3 potions of berserk rage {unknown}
 H - 3 potions of lignification
 K - 2 potions of magic {unknown}
 P - 2 potions of invisibility
 Z - a potion of brilliance
Books
 R - a book of Callings

   Spells                             Type                      Level
   a - Summon Small Mammal            Summoning                    1
   b - Call Imp                       Summoning                    2
   c - Call Canine Familiar           Summoning                    3
   d - Summon Guardian Golem          Hexes/Summoning              3
   e - Summon Lightning Spire         Summoning/Air                4
   f - Summon Ice Beast               Ice/Summoning                4
Comestibles
 b - 20 bread rations
 f - 9 fruits
 w - 4 meat rations


   Skills:
 + Level 12.1(17.1) Fighting
 + Level 6.7(11.7) Armour
 + Level 11.3(16.3) Dodging
 - Level 1.7(6.7) Stealth
 + Level 6.5(11.5) Shields
 * Level 14.8(19.8) Unarmed Combat
 + Level 6.0 Invocations


You had 13 spell levels left.
You didn't know any spells.

Dungeon Overview and Level Annotations

Branches:
Dungeon (13/15)            Temple (1/1) D:5            Lair (6/6) D:9
 Shoals (0/4) Lair:3        Snake (0/4) Lair:4        Slime (0/5) Lair:5
    Orc (0/2) D:9
 Vaults: D:13-14

Altars:
Ashenzari
Cheibriados
Dithmenos
Elyvilon
Fedhas
Gozag
Hepliaklqana
Kikubaaqudgha
Makhleb
Nemelex Xobeh
Okawaru
Qazlal
Ru
Sif Muna
Trog
Uskayaw
Vehumet
Wu Jian
Xom
Yredelemnul
Zin
The Shining One
Jiyva

Shops:
D:11 %   D:12 (

Annotations:
D:9 exclusion: downstairs
D:10 Sonja; Syneil's ghost, journeyman TrMo


Innate Abilities, Weirdness & Mutations

You have hoof-like feet.
You are mostly covered in yellow scales. (AC +3)
You are significantly more attuned to the shadows.
You regenerate health from kills.


Message History

You kick the molten gargoyle, but do no damage.
The molten gargoyle is severely damaged.
The molten gargoyle blasts magma at you!
The bolt of magma misses you. The fire crab breathes flames at you.
The blast of flame engulfs you!
You pummel the molten gargoyle!!
You destroy the molten gargoyle!
Okawaru accepts your kill.
You are engulfed in blazing flames.
You are engulfed in blazing flames.
You are engulfed in blazing flames.
You see here a hell hound corpse.
The fire crab breathes flames at you. The blast of flame engulfs you!
You are engulfed in blazing flames.
* * * LOW HITPOINT WARNING * * *
The plant is engulfed in blazing flames. x2
You are engulfed in blazing flames.
You die...

..S...#.# ##...#.##
#.l....## ###.......#
#####...### #.#......##
#......##### ##.#.....#
###....†...#####P.......#
#..##†...#.##.P.......#
#..##.t.§P§#..........#
#t.####.§P§§..........#
#.).# ##§§§@.###......##
#.... ###§### ##......##
#.§... ### #......#.#
....... ##......##
#........ ##......##
#........## #.......PP#
##........####
#............


You could see a fire crab.

Vanquished Creatures
  Gastronok (D:11)
  6 hydras
  A catoblepas (Lair:4)
  9 two-headed ogres
  6 death yaks (Lair:5)
  A tengu warrior (D:13)
  An unseen horror (D:12)
  The ghost of nikopol the Thaumaturge, a novice DEFE of Vehumet (D:7)
  A cyclops (D:12)
  An ugly thing (D:11)
  2 manticores
  2 black mambas
  9 spiny frogs
  3 molten gargoyles
  14 elephants
  The ghost of Nico3ck the Slasher, a novice FoFi (D:8)
  4 gargoyles
  2 rime drakes (Lair:6)
  5 komodo dragons
  A tengu conjurer (D:13)
  5 trolls
  A polar bear (Lair:3)
  Prince Ribbit (D:7)
  6 slime creatures (D:13)
  12 blink frogs
  16 dream sheep
  9 hippogriffs
  4 wyverns
  A wraith (D:13)
  35 yaks
  3 hogs (D:9)
  Eustachio (D:6)
  A human (D:9)
  A steam dragon (D:13)
  5 hungry ghosts
  15 water moccasins
  An acid dragon (D:11)
  2 nagas (Lair:4)
  3 black bears
  5 hell hounds (Lair:6)
  2 porcupines
  An ice beast (D:6)
  4 sky beasts
  4 necrophages
  2 phantoms
  3 ogres
  6 orc warriors
  3 wolves (Lair:4)
  12 centaurs
  10 crocodiles
  2 big kobolds
  3 elf zombies (D:9)
  19 bullfrogs
  5 scorpions
  16 killer bees
  14 wights
  5 lava snakes (Lair:5)
  4 crimson imps
  9 hounds
  2 quasits
  3 human zombies (D:9)
  3 centaur zombies
  6 orc priests
  A centaur skeleton (D:3)
  4 jellies (Lair:5)
  9 orc wizards
  3 bullfrog skeletons
  Jessica (D:2)
  A human skeleton (D:9)
  5 iguanas
  Natasha (thrice) (D:2)
  11 worker ants
  A killer bee zombie (D:6)
  A hound zombie (D:9)
  A hound skeleton (D:6)
  4 worker ant zombies
  A gnoll (Bailey)
  16 adders
  6 river rats
  4 shadow imps
  2 oozes
  2 adder skeletons
  2 worms (D:5)
  3 dart slugs
  6 leopard geckos
  35 orcs
  10 bats
  8 giant cockroaches
  2 gnoll zombies (D:5)
  12 goblins
  11 hobgoblins
  7 jackals
  29 kobolds
  8 quokkas
  16 ball pythons
  12 frilled lizards
  A leopard gecko zombie (D:6)
  An orc zombie (D:9)
  33 rats
  8 plants (Lair:3)
616 creatures vanquished.

Vanquished Creatures (others)
  A bush (Lair:5)
  8 fungi
  12 plants
21 creatures vanquished.

Grand Total: 637 creatures vanquished

Notes
Turn   | Place    | Note
-------+----------+-------------------------------------------
     0 | D:1      | Alarkh the Demonspawn Monk began the quest for the Orb.
     0 | D:1      | Reached XP level 1. HP: 18/18 MP: 1/1
   622 | D:1      | Gained mutation: You regenerate a little health from kills. [demonic ancestry]
   622 | D:1      | Reached XP level 2. HP: 24/24 MP: 2/2
   651 | D:1      | Reached skill level 3 in Unarmed Combat
  1158 | D:1      | Reached XP level 3. HP: 26/29 MP: 3/3
  1283 | D:2      | Noticed Natasha
  1912 | D:2      | Noticed Jessica
  1924 | D:2      | Killed Jessica
  1924 | D:2      | Gained mutation: You are slightly more attuned to the shadows. [demonic ancestry]
  1924 | D:2      | Reached XP level 4. HP: 28/37 MP: 4/4
  1961 | D:2      | Killed Natasha
  1978 | D:2      | Noticed Natasha
  1983 | D:2      | Killed Natasha
  1983 | D:2      | Reached skill level 4 in Unarmed Combat
  2079 | D:2      | Gained mutation: You regenerate health from kills. [demonic ancestry]
  2079 | D:2      | Reached XP level 5. HP: 38/42 MP: 5/5
  2180 | D:2      | Noticed Natasha
  2190 | D:2      | Killed Natasha
  2497 | D:2      | Found a blossoming altar of Fedhas.
  2527 | D:2      | Found a burning altar of Makhleb.
  2699 | D:3      | Found a stormy altar of Qazlal.
  2816 | D:3      | Found a shimmering altar of Xom.
  3072 | D:3      | Found a faded altar of an unknown god.
  3226 | D:3      | Gained mutation: You have large cloven feet. [demonic ancestry]
  3226 | D:3      | Reached XP level 6. HP: 44/49 MP: 6/6
  3544 | D:3      | Found a bloodstained altar of Trog.
  3879 | D:4      | Reached skill level 5 in Unarmed Combat
  4722 | D:4      | Gained mutation: You are significantly more attuned to the shadows. [demonic ancestry]
  4722 | D:4      | Reached XP level 7. HP: 55/55 MP: 7/7
  4906 | D:5      | Entered Level 5 of the Dungeon
  4923 | D:5      | Reached skill level 5 in Fighting
  5247 | D:5      | Found a glowing drain.
  5289 | Sewer    | Entered a sewer
  5657 | Sewer    | Reached skill level 6 in Unarmed Combat
  5910 | D:5      | Found a staircase to the Ecumenical Temple.
  5921 | Temple   | Entered the Ecumenical Temple
  6001 | Temple   | Became a worshipper of Warmaster Okawaru
  6001 | Temple   | Reached * piety under Okawaru
  6001 | Temple   | Reached ** piety under Okawaru
  6204 | D:5      | Reached XP level 8. HP: 64/64 MP: 8/8
  6237 | D:5      | Found a basalt altar of Yredelemnul.
  6344 | D:6      | Reached skill level 5 in Dodging
  6576 | D:6      | Reached skill level 7 in Unarmed Combat
  7267 | D:6      | Noticed Eustachio
  7285 | D:6      | Killed Eustachio
  7535 | D:6      | Found a burning altar of Makhleb.
  7588 | D:6      | Reached skill level 8 in Unarmed Combat
  7727 | D:6      | Found a stormy altar of Qazlal.
  7738 | D:6      | Reached XP level 9. HP: 71/71 MP: 9/9
  7994 | D:7      | Got a steaming cloak
  8000 | D:7      | Identified the -5 cloak of the Cricket {Int+3} (You found it on level 7 of the Dungeon)
  8106 | D:7      | Noticed nikopol's ghost (novice DEFE)
  8146 | D:7      | Noticed Prince Ribbit
  8156 | D:7      | Reached *** piety under Okawaru
  8271 | D:7      | Killed Prince Ribbit
  8502 | D:7      | Killed nikopol's ghost
  8506 | D:7      | Reached skill level 9 in Unarmed Combat
  8673 | D:7      | Reached **** piety under Okawaru
  9050 | D:8      | Noticed a two-headed ogre
  9066 | D:8      | Killed a two-headed ogre
  9066 | D:8      | Reached XP level 10. HP: 29/80 MP: 8/10
  9106 | D:8      | Noticed a two-headed ogre
  9115 | D:8      | Killed a two-headed ogre
  9115 | D:8      | Reached ***** piety under Okawaru
  9115 | D:8      | Reached skill level 10 in Unarmed Combat
  9504 | D:8      | Noticed a two-headed ogre
  9514 | D:8      | Killed a two-headed ogre
  9631 | D:8      | Found a shadowy altar of Dithmenos.
  9725 | D:8      | Noticed Nico3ck's ghost (novice FoFi)
  9752 | D:8      | Killed Nico3ck's ghost
  9752 | D:8      | Received a gift from Okawaru
 10065 | D:8      | Found a sparkling altar of Nemelex Xobeh.
 10384 | D:9      | Reached skill level 11 in Unarmed Combat
 10631 | D:9      | Found a shattered altar of Ashenzari.
 10683 | D:9      | Found a sacrificial altar of Ru.
 10715 | D:9      | Reached XP level 11. HP: 63/89 MP: 8/11
 10819 | D:9      | Found a staircase to the Lair.
 10904 | D:9      | Found a staircase to the Orcish Mines.
 11012 | D:9      | Found a deep blue altar of Sif Muna.
 11057 | D:9      | Noticed a two-headed ogre
 11233 | D:9      | Killed a two-headed ogre
 11316 | D:9      | Found a basalt altar of Yredelemnul.
 11556 | D:9      | Noticed a two-headed ogre
 11568 | D:9      | Killed a two-headed ogre
 11568 | D:9      | Received a gift from Okawaru
 11622 | D:9      | Found a white marble altar of Elyvilon.
 11622 | D:9      | Found a hide-covered altar of Uskayaw.
 11840 | D:9      | Found an opulent altar of Gozag.
 11915 | Lair:1   | Entered Level 1 of the Lair of Beasts
 12377 | Lair:2   | You fall through a shaft!
 12457 | Lair:3   | Reached ****** piety under Okawaru
 12495 | Lair:3   | Reached skill level 1 in Armour
 12495 | Lair:3   | Reached skill level 12 in Unarmed Combat
 12523 | Lair:2   | Received a gift from Okawaru
 12944 | Lair:1   | Noticed a seven-headed hydra
 13104 | Lair:1   | Noticed a seven-headed hydra
 14075 | Lair:2   | Reached skill level 10 in Fighting
 14157 | Lair:2   | Received a gift from Okawaru
 14158 | Lair:2   | Got an ichor-stained hunting sling {god gift}
 14159 | Lair:2   | Identified the +4 hunting sling of Honour {speed, rElec rPois} (Okawaru gifted it to you on level 2 of the Lair of Beasts)
 14536 | D:10     | Entered Level 10 of the Dungeon
 14544 | D:10     | Found a flagged portal.
 14544 | D:10     | Noticed a two-headed ogre
 14550 | D:10     | Killed a two-headed ogre
 14574 | Bailey   | Entered a bailey
 14650 | Bailey   | Gained mutation: You have hoof-like feet. [demonic ancestry]
 14650 | Bailey   | Reached XP level 12. HP: 89/97 MP: 9/12
 14680 | Bailey   | Reached skill level 1 in Shields
 14687 | Bailey   | Found a bloodstained altar of Trog.
 14794 | Bailey   | Got an ichor-stained trident
 14795 | Bailey   | Identified the +2 trident of Henlij {speed, *Drain rC+ rN+} (You found it in a bailey)
 15098 | D:10     | Noticed Sonja
 15210 | D:10     | Noticed Syneil's ghost (journeyman TrMo)
 15988 | D:10     | Received a gift from Okawaru
 16243 | D:11     | Noticed Gastronok
 16265 | D:11     | Killed Gastronok
 16265 | D:11     | Received a gift from Okawaru
 16265 | D:11     | Reached skill level 13 in Unarmed Combat
 16346 | D:11     | Noticed a two-headed ogre
 16358 | D:11     | Killed a two-headed ogre
 16519 | D:11     | Found Asumo's Food Shoppe.
 17175 | D:11     | Noticed a two-headed ogre
 17195 | D:11     | Killed a two-headed ogre
 17195 | D:11     | Reached skill level 10 in Dodging
 17742 | D:12     | Received a gift from Okawaru
 17910 | D:12     | Found Qelor's Antique Weapon Boutique.
 18281 | D:12     | Received a gift from Okawaru
 18281 | D:12     | Gained mutation: You are partially covered in yellow scales. (AC +2) [demonic ancestry]
 18281 | D:12     | Reached XP level 13. HP: 88/106 MP: 13/13
 18861 | D:13     | Found a sacrificial altar of Ru.
 18894 | D:13     | Reached skill level 5 in Armour
 19952 | Lair:3   | Received a gift from Okawaru
 19973 | Lair:3   | Reached skill level 14 in Unarmed Combat
 20096 | Lair:3   | Received a gift from Okawaru
 20096 | Lair:3   | Reached skill level 5 in Shields
 20358 | Lair:3   | Received a gift from Okawaru
 20358 | Lair:3   | Reached skill level 1 in Invocations
 20594 | Lair:3   | Found a staircase to the Shoals.
 21837 | Lair:4   | Found a staircase to the Snake Pit.
 23486 | Lair:5   | Gained mutation: You are mostly covered in yellow scales. (AC +3) [demonic ancestry]
 23486 | Lair:5   | Reached XP level 14. HP: 104/114 MP: 14/17
 23811 | Lair:5   | Received a gift from Okawaru
 24171 | Lair:5   | Found a runed door.
 24286 | Lair:5   | Reached skill level 5 in Invocations
 24744 | Lair:5   | Found a viscous altar of Jiyva.
 24746 | Lair:5   | Found a staircase to the Slime Pits.
 24915 | Lair:6   | Entered Level 6 of the Lair of Beasts
 26557 | Lair:6   | Engulfed by a fire crab's flame

Vault maps used:
D:1:      dpeg_arrival_morbid_curiosity, minmay_cut_off
D:2:      makhleb_grotto_becter, serial_forest, infiniplex_forest_clump_cross,
          infiniplex_forest_split, infiniplex_forest_straight_2,
          infiniplex_forest_lined_1, infiniplex_forest_diagonal, fedhas_altar_4,
          uniq_natasha, uniq_jessica
D:3:      nicolae_qazlal_general_emergency, nicolae_overflow_hidden_temple,
          bloody_trog, first_bread, chequers_ecumenical_altar_lobes,
          st_stairs_13
D:5:      lemuel_zombie_altar_yredelemnul, minmay_temple_entry_glassed_door,
          portal_sewer_entry_b
D:6:      basic_altar, minmay_misc_feat_ornament, makhleb_altar_promises_db,
          uniq_eustachio
D:7:      uniq_prince_ribbit1
D:8:      nemelex_xobeh_ov_fountains_minmay, grunt_dithmenos_shadows
D:9:      nicolae_overflow_crystal_walls, tgw_sif, cheibrodos_ashenzari_chains,
          gammafunk_temple_overflow_wave, david_orc_2, basic_altar,
          grunt_livestock, lemuel_mausoleum_altar_yredelemnul
D:10:     enter_bailey_3, uniq_sonja
D:11:     serial_shops, kennysheep_little_box, kennysheep_generic_room_13,
          uniq_gastronok
D:12:     serial_shops, shop, grunt_ministairs_3
D:13:     basic_altar
Temple:   cyrus_temple_forest
Lair:1:   grunt_megastairs_1, lemuel_fruit_tree
Lair:2:   lemuel_fruit_fields
Lair:3:   minmay_shoals_entry_beasts, wad_woods_river_01,
          infiniplex_staircase_pool_2
Lair:4:   guppyfry_snake_entry_island, beast_lair_carwin_11
Lair:5:   cheibrodos_magma_flow, slime_altar_2, minivault_11
Lair:6:   cheibrodos_lair_end_hotspot
Sewer:    sewer_minmay_w
Bailey:   bailey_axe_3, bailey

Skill      XL: |  1  2  3  4  5  6  7  8  9 10 11 12 13 14 |
---------------+-------------------------------------------+-----
Unarmed Combat | 3 4 5 6 8 9 11 12 13 14 | 14.8
Dodging        | 3 4 6 7 8 9 10 11 | 11.3
Fighting       | 4 5 6 7 9 10 11 12 | 12.1
Armour         | 2 4 6 |  6.7
Shields        | 4 5 6 |  6.5
Invocations    | 4 6 |  6.0
Stealth        | |  1.7

Action                   |  1- 3 |  4- 6 |  7- 9 | 10-12 | 13-15 || total
-------------------------+-------+-------+-------+-------+-------++-------
Melee: Unarmed           |   156 |   258 |   592 |  1165 |  1091 ||  3262
       Punch             |     2 |     6 |    18 |    78 |    38 ||   142
       Kick              |       |    38 |   139 |   420 |   453 ||  1050
Invok: Heroism           |       |       |     5 |    15 |    23 ||    43
Evoke: Wand              |       |       |       |     5 |     4 ||     9
  Use: Potion            |     2 |     1 |     7 |     4 |     4 ||    18
       Scroll            |     3 |     1 |     6 |     4 |    10 ||    24
 Stab: Sleeping          |     2 |    14 |    24 |    35 |    10 ||    85
       Distracted        |       |       |     3 |     3 |     4 ||    10
       Invisible         |       |       |       |     4 |       ||     4
  Eat: Chunk             |     3 |     9 |    15 |    30 |    26 ||    83
       Fruit             |       |       |       |     4 |     2 ||     6
Armor: Robe              |    23 |    43 |   175 |    17 |       ||   258
       Skin              |       |     1 |       |       |       ||     1
       Troll leather arm |       |       |       |   152 |    92 ||   244
       Ring mail         |       |       |       |       |   203 ||   203
Dodge: Dodged            |   149 |   148 |   513 |   972 |   722 ||  2504
Block: Shield            |       |       |       |       |   309 ||   309
